 Dungeon Crawl Stone Soup version 0.29.0-4-gdea44cf6ec (webtiles) character file.

Game seed: 2366648004937653660

1183 qw the Cleaver (level 8, -3/48 HPs)
             Began as a Tengu Warper on Aug 28, 2022.
             Was an Initiate of Okawaru.
             Slain by a gnoll
             ... wielding a +0 flail
             ... led by a gnoll bouda
              (8 damage)
             ... on level 5 of the Dungeon.
             The game lasted 00:00:33 (6066 turns).

qw the Cleaver (Tengu Warper)                       Turns: 6066, Time: 00:00:34

Health: -3/48      AC: 13    Str: 13    XL:     8   Next: 42%
Magic:  12/12      EV:  7    Int: 14    God:    Okawaru [......]
Gold:   307        SH:  0    Dex: 14    Spells: 11/11 levels left

rFire   . . .      SeeInvis .   Y - +1 war axe (vorpal)
rCold   . . .      Faith    .   (no shield)
rNeg    + . .      Spirit   .   i - +0 chain mail
rPois   .          Reflect  .   j - +2 hat
rElec   .          Harm     .   n - +1 cloak
rCorr   .          Rampage  .   (no gloves)
Will    .....                   (boots unavailable)
Stlth   ..........              (no amulet)
HPRegen 0.16/turn               r - ring of positive energy
MPRegen 0.13/turn               (no ring)

@: weakened, flying quickly and evasively, quick
A: beak, talons 3, nimble flight
a: Renounce Religion


You were on level 5 of the Dungeon.
You worshipped Okawaru.
Okawaru was noncommittal.
You visited 2 branches of the dungeon, and saw 7 of its levels.

You collected 307 gold pieces.


Innate Abilities, Weirdness & Mutations

You have a beak for a mouth.
You have claws for feet.
Your magical nature lets you fly swiftly and evasively.


   Skills:
 - Level 4.0 Fighting
 + Level 9.7 Axes
 - Level 1.0 Throwing
 - Level 3.2 Armour
 - Level 2.1 Dodging
 - Level 2.0 Spellcasting
 - Level 2.4 Translocations


You had 11 spell levels left.
You didn't know any spells.
Your spell library contained the following spells:

 Spells                   Type           Power      Damage    Failure   Level
 Blink                    Tloc           16%        N/A       99%         2
 Gell's Gravitas          Tloc           8%         N/A       100%        3
 Lesser Beckoning         Tloc           8%         N/A       100%        3
 Teleport Other           Tloc           8%         N/A       100%        3
 Manifold Assault         Tloc           8%         N/A       100%        5

Inventory:

Hand Weapons
 h - a +0 flail
 Y - a +1 vorpal war axe (weapon)
Armour
 i - a +0 chain mail (worn)
 j - a +2 hat (worn)
 n - a +1 cloak (worn)
Jewellery
 r - a ring of positive energy (left hand)
Wands
 q - a wand of digging (3)
Scrolls
 c - a scroll of identify
Potions
 a - a potion of magic {unknown}
 b - a potion of curing
 d - a potion of haste
 e - a potion of might {unknown}
 f - a potion of lignification {unknown}
 g - a potion of mutation {unknown}
 k - a potion of ambrosia {unknown}
 l - a potion of degeneration {unknown}
 m - a potion of berserk rage {unknown}
 o - a potion of brilliance {unknown}
 p - a potion of cancellation {unknown}

Dungeon Overview and Level Annotations

Branches:
Dungeon (6/15)             Temple (1/1) D:5

Altars:
Cheibriados
Dithmenos
Elyvilon
Hepliaklqana
Kikubaaqudgha
Makhleb
Nemelex Xobeh
Okawaru
Qazlal
Ru
Sif Muna
Trog
Uskayaw
Vehumet
Wu Jian
Xom
Yredelemnul
Zin
The Shining One

Annotations:
D:5 1 runed translucent door, Crazy Yiuf


Message History

The gnoll bouda hits you with a +0 club!
You barely miss the gnoll bouda. Your peck misses the gnoll bouda.
The gnoll bouda is lightly wounded.
A gnoll comes into view. It is wielding a +0 flail.
The gnoll bouda hits you with a +0 club.
A gnoll comes into view. It is wielding a +0 halberd.
You barely miss the gnoll bouda.
You claw the gnoll bouda, but do no damage.
You peck the gnoll bouda, but do no damage.
The gnoll bouda is lightly wounded.
The gnoll bouda hits you but does no damage.
You hit the gnoll bouda.
You claw the gnoll bouda, but do no damage.
The gnoll bouda is moderately wounded.
You hit the gnoll. The gnoll hits you with a +0 flail.
The gnoll bouda gazes fiercely through you!
You feel your attacks grow feeble.
The gnoll bouda hits you with a +0 club.
You barely miss the gnoll bouda.
The gnoll bouda is moderately wounded.
You hit the gnoll but do no damage.
The gnoll hits you from afar with a +0 halberd!
The gnoll barely misses you.
The gnoll bouda hits you but does no damage.
You hit the gnoll bouda. You claw the gnoll bouda.
The gnoll bouda is severely wounded.
You barely miss the gnoll.
The gnoll hits you from afar with a +0 halberd.
The gnoll closely misses you.
The gnoll bouda gazes fiercely through you!
You feel as though you will be weak longer.
The gnoll bouda hits you with a +0 club.
You hit the gnoll bouda.
You claw the gnoll bouda, but do no damage.
The gnoll bouda is almost dead.
You hit the gnoll but do no damage.
The gnoll hits you from afar with a +0 halberd.
The gnoll hits you with a +0 flail!
You die...

.....# ##.#.##### #.#[. .....
##...# #.#.# .... #...# #.#..
...#### #...# #.#.. #### #.....#
#...########.... ...# #..##.#
#...##.......... ...#
#:.##.#######...##.##.......
...###..##.#.....gg.....<..##.#..
........#.......@g.........##.#..
...####.##.#...............##.###
...# #...######.#....#.#####.###
...# ###.# #.#....#.......##.
##.# #.# #.#....#########.. #.##
#.# #.#....# ##. #..# #.#
#.#....# #. ##.# #.# #.. ..# #.
#.# ### ##


You could see a gnoll bouda and 2 gnolls.

Vanquished Creatures
  Grinder (D:5)
  2 black bears (D:5)
  2 ogres
  A phantom (D:5)
  A necrophage (D:4)
  A quasit (D:4)
  2 hounds (D:5)
  A jelly (D:5)
  An orc priest (D:4)
  3 iguanas
  7 gnolls (D:6)
  8 adders
  A shadow imp (D:6)
  2 white imps
  2 ufetubi
  4 worms
  3 dart slugs
  6 orcs
  6 bats
  8 endoplasms
  5 giant cockroaches
  4 goblins
  5 hobgoblins
  3 quokkas
  6 ball pythons
  6 frilled lizards
  5 kobolds
  7 rats
103 creatures vanquished.

Vanquished Creatures (others)
  A rat (D:2)
  4 demonic plants (D:4)
  A plant (D:1)
6 creatures vanquished.

Grand Total: 109 creatures vanquished

Notes
Turn   | Place    | Note
-------+----------+-------------------------------------------
     0 | D:1      | qw the Tengu Warper began the quest for the Orb.
     0 | D:1      | Reached XP level 1. HP: 12/12 MP: 4/4
     0 | D:1      | 0 ||| qw: Version: 0.1-a-89-g26bdef1
     0 | D:1      | 0 ||| qw: Game counter: 2016
     0 | D:1      | 0 ||| qw: Always use a shield: true
     0 | D:1      | 0 ||| qw: God list: Okawaru
     0 | D:1      | 0 ||| qw: Allow faded altars: false
     0 | D:1      | 0 ||| qw: Do Orc after D:15 true
     0 | D:1      | 0 ||| qw: Do second Lair branch before Depths: true
     0 | D:1      | 0 ||| qw: Lair rune preference: random
     0 | D:1      | 0 ||| qw: Plans: Normal
     0 | D:1      | 0 ||| PLANNING D:1-11
   180 | D:1      | Reached skill level 3 in Axes
   180 | D:1      | Reached XP level 2. HP: 17/17 MP: 6/6
   366 | D:1      | 366 ||| Stepping ~*~*~tactically~*~*~ (stealth).
   373 | D:1      | 373 ||| Stepping ~*~*~tactically~*~*~ (stealth).
   374 | D:1      | 374 ||| Stepping ~*~*~tactically~*~*~ (stealth).
   417 | D:1      | 417 ||| Stepping ~*~*~tactically~*~*~ (stealth).
   419 | D:1      | 419 ||| Stepping ~*~*~tactically~*~*~ (stealth).
   421 | D:1      | 421 ||| Stepping ~*~*~tactically~*~*~ (stealth).
   728 | D:1      | Found a faded altar of an unknown god.
   834 | D:1      | 834 ||| DROPPING scarf of shadows.
   835 | D:1      | 835 ||| UPGRADING to +0 chain mail.
   845 | D:1      | 845 ||| DROPPING +0 leather armour.
   846 | D:1      | 846 ||| READING scroll labelled DULLIMIA NEIQAD.
   850 | D:1      | 850 ||| DROPPING scroll of blinking.
   941 | D:2      | 941 ||| Stepping ~*~*~tactically~*~*~ (stealth).
   994 | D:2      | Reached XP level 3. HP: 21/21 MP: 7/7
  1341 | D:2      | Reached skill level 4 in Axes
  1375 | D:2      | 1375 ||| Stepping ~*~*~tactically~*~*~ (stealth).
  1940 | D:2      | 1940 ||| SWAPPING to +0 war axe.
  1941 | D:2      | 1941 ||| DROPPING +0 hand axe.
  2202 | D:2      | 2202 ||| DROPPING amulet of magic regeneration.
  2203 | D:2      | 2203 ||| READING scroll labelled QIBRA REDIT.
  2204 | D:2      | 2204 ||| READING scroll labelled IXZIAFFUEBB.
  2205 | D:2      | 2205 ||| READING scroll labelled PIOWKO DAJUGG.
  2206 | D:2      | 2206 ||| READING scroll labelled SODAFF HAISHIHIY.
  2207 | D:2      | 2207 ||| READING 2 scrolls labelled HUVYUF HOFREEP.
  2208 | D:2      | 2208 ||| DROPPING scroll of fear.
  2266 | D:3      | 2266 ||| Stepping ~*~*~tactically~*~*~ (stealth).
  2271 | D:3      | 2271 ||| Stepping ~*~*~tactically~*~*~ (stealth).
  2278 | D:3      | Reached XP level 4. HP: 11/26 MP: 8/8
  2281 | D:3      | HP: 6/26 [poisoned by an adder]
  2282 | D:3      | 2282 ||| READING 2 scrolls of teleportation.
  2284 | D:3      | Found a hide-covered altar of Uskayaw.
  2285 | D:3      | 2285 ||| READING scroll of teleportation.
  2286 | D:3      | HP: 4/26 [bat (1)]
  2287 | D:3      | HP: 1/26 [quokka (3)]
  2617 | D:3      | Reached skill level 5 in Axes
  2781 | D:3      | 2781 ||| Stepping ~*~*~tactically~*~*~ (stealth).
  2802 | D:3      | 2802 ||| Stepping ~*~*~tactically~*~*~ (stealth).
  2806 | D:3      | 2806 ||| Stepping ~*~*~tactically~*~*~ (stealth).
  2807 | D:3      | 2807 ||| Stepping ~*~*~tactically~*~*~ (stealth).
  2808 | D:3      | 2808 ||| Stepping ~*~*~tactically~*~*~ (stealth).
  2811 | D:3      | 2811 ||| Stepping ~*~*~tactically~*~*~ (stealth).
  2812 | D:3      | 2812 ||| Stepping ~*~*~tactically~*~*~ (stealth).
  2813 | D:3      | 2813 ||| Stepping ~*~*~tactically~*~*~ (stealth).
  2819 | D:3      | 2819 ||| Stepping ~*~*~tactically~*~*~ (stealth).
  2820 | D:3      | 2820 ||| Stepping ~*~*~tactically~*~*~ (stealth).
  2833 | D:3      | 2833 ||| Stepping ~*~*~tactically~*~*~ (stealth).
  2834 | D:3      | 2834 ||| Stepping ~*~*~tactically~*~*~ (stealth).
  2880 | D:3      | 2880 ||| DROPPING +0 club.
  2967 | D:3      | 2967 ||| Stepping ~*~*~tactically~*~*~ (stealth).
  3146 | D:3      | 3146 ||| Stepping ~*~*~tactically~*~*~ (stealth).
  3192 | D:3      | Gained mutation: Your magical nature lets you fly swiftly
                  | and evasively. [Tengu growth]
  3192 | D:3      | Reached XP level 5. HP: 30/30 MP: 9/9
  3458 | D:3      | 3458 ||| UPGRADING to +2 hat.
  3463 | D:3      | 3463 ||| READING scroll labelled XIDULLUSIU.
  3464 | D:3      | 3464 ||| READING scroll labelled ROELUC RO SUE.
  3465 | D:3      | 3465 ||| DRINKING 2 silvery potions.
  3466 | D:3      | 3466 ||| DRINKING 3 coppery potions.
  3511 | D:4      | Reached skill level 6 in Axes
  3655 | D:4      | Reached skill level 3 in Armour
  3655 | D:4      | Reached XP level 6. HP: 34/35 MP: 10/10
  3683 | D:4      | You are sucked into a shaft and drop 2 floors!
  3685 | D:6      | 3685 ||| UPGRADING to +1 cloak.
  3690 | D:6      | 3690 ||| READING scroll labelled ZETANANWEEPS.
  3691 | D:6      | 3691 ||| DRINKING 2 fizzy dark potions.
  3692 | D:6      | 3692 ||| DROPPING potion of flight.
  3699 | D:6      | 3699 ||| Stepping ~*~*~tactically~*~*~ (hiding).
  3700 | D:6      | 3700 ||| Stepping ~*~*~tactically~*~*~ (hiding).
  3717 | D:6      | HP: 4/35 [gnoll/+0 halberd (5)]
  3718 | D:6      | 3718 ||| DRINKING 2 potions of heal wounds.
  3721 | D:6      | 3721 ||| DRINKING potion of heal wounds.
  3725 | D:6      | Reached skill level 7 in Axes
  3883 | D:5      | Entered Level 5 of the Dungeon
  3884 | D:5      | 3884 ||| DROPPING +0 whip.
  3913 | D:5      | Reached XP level 7. HP: 36/40 MP: 11/11
  3964 | D:4      | Reached skill level 3 in Fighting
  3970 | D:4      | 3970 ||| Stepping ~*~*~tactically~*~*~ (hiding).
  3972 | D:4      | 3972 ||| Stepping ~*~*~tactically~*~*~ (hiding).
  3976 | D:4      | 3976 ||| Stepping ~*~*~tactically~*~*~ (hiding).
  3985 | D:4      | 3985 ||| Stepping ~*~*~tactically~*~*~ (stealth).
  3992 | D:4      | 3992 ||| Stepping ~*~*~tactically~*~*~ (stealth).
  4000 | D:4      | 4000 ||| Stepping ~*~*~tactically~*~*~ (stealth).
  4001 | D:4      | 4001 ||| Stepping ~*~*~tactically~*~*~ (stealth).
  4005 | D:4      | 4005 ||| Stepping ~*~*~tactically~*~*~ (stealth).
  4009 | D:4      | 4009 ||| Stepping ~*~*~tactically~*~*~ (stealth).
  4011 | D:4      | 4011 ||| Stepping ~*~*~tactically~*~*~ (stealth).
  4014 | D:4      | 4014 ||| Stepping ~*~*~tactically~*~*~ (stealth).
  4053 | D:4      | 4053 ||| Stepping ~*~*~tactically~*~*~ (stealth).
  4772 | D:4      | 4772 ||| UPGRADING to ring of positive energy.
  4773 | D:4      | 4773 ||| READING scroll labelled JESKITEFIA.
  4774 | D:4      | 4774 ||| DRINKING 2 fizzy purple potions.
  4775 | D:4      | 4775 ||| Stepping randomly (stuck).
  4776 | D:4      | 4776 ||| Stepping ~*~*~tactically~*~*~ (cloud).
  5084 | D:5      | Found a runed translucent door.
  5085 | D:5      | Noticed Crazy Yiuf
  5158 | D:5      | 5158 ||| Stepping ~*~*~tactically~*~*~ (stealth).
  5179 | D:5      | Reached skill level 8 in Axes
  5179 | D:5      | 5179 ||| STAIRDANCE
  5317 | D:5      | 5317 ||| Stepping ~*~*~tactically~*~*~ (hiding).
  5318 | D:5      | 5318 ||| Stepping ~*~*~tactically~*~*~ (hiding).
  5330 | D:5      | HP: 9/41 [white imp/puff of frost (9)]
  5331 | D:5      | Reached XP level 8. HP: 10/46 MP: 12/12
  5335 | D:5      | HP: 6/46 [white imp (1)]
  5338 | D:5      | Reached skill level 9 in Axes
  5342 | D:5      | HP: 1/48 [adder (3)]
  5724 | D:5      | Found a staircase to the Ecumenical Temple.
  5725 | D:5      | 5725 ||| PLANNING TEMPLE
  5729 | Temple   | Entered the Ecumenical Temple
  5802 | Temple   | Became a worshipper of Warmaster Okawaru
  5886 | Temple   | 5886 ||| PLANNING D:1-11
  5911 | D:5      | Noticed Grinder
  5918 | D:5      | Paralysed by Grinder for 4 turns
  5930 | D:5      | HP: 8/48 [Grinder/nerve-wracking pain (5)]
  5931 | D:5      | 5931 ||| DRINKING potion of heal wounds.
  5933 | D:5      | Killed Grinder
  6065 | D:5      | HP: 9/48 [gnoll bouda/+0 club (5)]
  6066 | D:5      | Slain by a gnoll

Levels and vault maps discovered:
D:1:      eino_arrival_druids_welcome, layout_loops_ring, serial_forest,
          infiniplex_forest_lined_4_way, infiniplex_forest_clump_C,
          infiniplex_forest_corner_1, infiniplex_forest_lined_corner,
          infiniplex_forest_clump_tiny, infiniplex_forest_zigzag_1,
          infiniplex_forest_clump_tiny, infiniplex_forest_lined_4_way,
          basic_ecumenical_altar
D:2:      layout_loops_corners, chequers_serial_rivers_micro_e,
          lemuel_flame_loot_1
D:3:      layout_loops_cross, eat_drink_and_be_merry_uskayaw,
          minmay_misc_feat_enclosed, minmay_circle_x
D:4:      layout_basic, serial_demonic, serial_demonic_g, serial_demonic_d,
          serial_demonic_f, serial_demonic_g
D:5:      layout_loops_cross, temple_doors_e, kennysheep_generic_room_2,
          uniq_crazy_yiuf_cottage, uniq_grinder
D:6:      layout_basic, nicolae_gozag_cash_rules_everything_around_me,
          gammafunk_ghost_abyssal_escape, st_stairs_4, minmay_misc_feat_room,
          minmay_alternating_orb
Temple:   regret_index_temple_mists

Skill      XL: |  1  2  3  4  5  6  7  8 |
---------------+-------------------------+-----
Axes           | 3 4 5 6 7 8 9 |  9.7
Armour         | 3 |  3.2
Fighting       | 3 4 |  4.0
Throwing       | |  1.0
Dodging        | |  2.1
Spellcasting   | |  2.0
Translocations | |  2.4

Action                   |  1- 3 |  4- 6 |  7- 9 || total
-------------------------+-------+-------+-------++-------
Melee: Hand axe          |    70 |       |       ||    70
       Kick              |    20 |    30 |    29 ||    79
       Peck              |    12 |    14 |    18 ||    44
       War axe           |    10 |   105 |    96 ||   211
       Punch             |       |     1 |     3 ||     4
Throw: Boomerang         |     7 |       |       ||     7
  Use: Scroll            |     6 |     5 |     1 ||    12
       Potion            |       |     5 |     2 ||     7
Armor: Leather armour    |     9 |       |       ||     9
       Chain mail        |    18 |    58 |    54 ||   130
Dodge: Dodged            |    19 |    49 |    22 ||    90

Table legend:
 A = Non-vault XP
 B = Vault XP
 C = Vault XP percentage of total XP
 D = Non-vault monster count
 E = Vault monster count
 F = Vault count percentage of total count
                 A         B        C        D         E       F
            +---------+---------+-------+---------+---------+-------
      Total |    1255 |     435 |  25.7 |      91 |      12 |  11.7
            +---------+---------+-------+---------+---------+-------
        D:1 |      28 |       0 |   0.0 |      16 |       0 |   0.0
        D:2 |      50 |       0 |   0.0 |      20 |       0 |   0.0
        D:3 |     105 |       5 |   4.5 |      26 |       4 |  13.3
        D:4 |     318 |      64 |  16.8 |      13 |       3 |  18.8
        D:5 |     522 |     366 |  41.2 |       7 |       5 |  41.7
        D:6 |     232 |       0 |   0.0 |       9 |       0 |   0.0
            +---------+---------+-------+---------+---------+-------
